 Dungeon Crawl Stone Soup version 0.20-a0-303-g575bbf7 (webtiles) character file.

116 PurpleRed the Grave Robber (level 4, -2/30 HPs)
             Began as a Demonspawn Necromancer on Dec 17, 2016.
             Killed from afar by an orc wizard (8 damage)
             ... with a magic dart
             ... on level 3 of the Dungeon.
             The game lasted 00:08:14 (2956 turns).

PurpleRed the Grave Robber (Demonspawn Necromancer) Turns: 2956, Time: 00:08:14

Health: -2/30      AC:  3    Str:  8    XL:     4   Next: 70%
Magic:  2/8        EV: 12    Int: 17    God:
Gold:   93         SH:  0    Dex: 14    Spells: 5/9 levels left

rFire  + . .     SeeInvis .     g - +0 club
rCold  . . .     Gourm    .     a - +0 robe
rNeg   . . .     Faith    .     (no shield)
rPois  .         Spirit   .     (no helmet)
rElec  .         Reflect  .     (no cloak)
rCorr  .         Harm     .     n - +0 pair of gloves
MR     .....                    (no boots)
Stlth  ++........               q - amulet of regeneration
                                (no ring)
                                (no ring)

@: no status effects
A: fire resistance 1
a: no special abilities


You were on level 3 of the Dungeon.
You were not hungry.

You visited 1 branch of the dungeon, and saw 3 of its levels.

You collected 93 gold pieces.

Inventory:

Hand Weapons
 g - a +0 club (weapon)
 p - a +2 trident of flaming
Armour
 a - a +0 robe (worn)
 n - a +0 pair of gloves (worn)
Jewellery
 q - an amulet of regeneration (around neck)
Scrolls
 d - a scroll of teleportation
 e - a scroll of blinking
 f - 2 scrolls of remove curse
 j - a scroll of identify
Potions
 l - 2 potions of heal wounds
Books
 b - a book of Necromancy

   Spells                             Type                      Level
   a - Pain                           Necromancy                   1
   b - Animate Skeleton               Necromancy                   1
   c - Vampiric Draining              Necromancy                   3
   d - Regeneration                   Charms/Necromancy            3
   e - Animate Dead                   Necromancy                   4
   f - Control Undead                 Necromancy                   4
Comestibles
 c - 2 bread rations
 i - a slice of pizza
 m - a beef jerky


   Skills:
 - Level 2.0 Dodging
 - Level 2.2 Stealth
 + Level 3.2 Spellcasting
 + Level 5.5 Necromancy


You had 5 spell levels left.
You knew the following spells:

 Your Spells              Type           Power        Failure   Level  Hunger
a - Pain                  Necr           ###.         1%          1    None
b - Vampiric Draining     Necr           ###.......   8%          3    ###....


Dungeon Overview and Level Annotations

Branches:
Dungeon (3/15)

Altars:


Innate Abilities, Weirdness & Mutations

Your flesh is heat resistant. (rF+)


Message History

Something hits you.
You closely miss something.
The orc throws a tomahawk.
The tomahawk hits you but does no damage.
The orc completely misses you. Something hits you.
* * * LOW HITPOINT WARNING * * *
Casting: Vampiric Draining
Confirm with . or Enter, or press ? or * to list all spells.
Aiming: Vampiric Draining
Press: ? - help, Shift-Dir - straight line, f - orc
Aim: an orc, wielding a flail and wearing a scale mail You kill the orc!
You feel life coursing into your body.
The orc throws a tomahawk.
The tomahawk closely misses you. Something hits you.
* * * LOW HITPOINT WARNING * * *
An orc wizard appears from thin air!
Reactivating autopickup.
The worm barely misses you. The orc wizard casts a spell at you.
The magic dart hits you!
You die...

#................#
####.####.#.####.# #.#
#.#.### .#
########.####.....##.##
.....[....w............
######.#######......## ##.#
###..### #..# #..# #@## #..#
#.w# #..# #######o(+ #..#
######.....o.## #..####
#......####..r# #......
#......####...# #....?.
#.............#########......
#......####........†.o.......
#......####.#.....###r...#.##


You could see a worm, an orc wizard, an orc and a rat.

Vanquished Creatures
  4 adders
  An ooze (D:1)
  2 worms
  3 dart slugs
  3 leopard geckos
  An orc (D:3)
  3 bats
  3 giant cockroaches
  8 hobgoblins
  4 jackals (D:1)
  5 kobolds
  A quokka (D:2)
  A ball python (D:1)
  4 frilled lizards (D:1)
  9 goblins
  3 rats
55 creatures vanquished.

Notes
Turn   | Place    | Note
-------+----------+-------------------------------------------
     0 | D:1      | PurpleRed the Demonspawn Necromancer began the quest for the Orb.
     0 | D:1      | Reached XP level 1. HP: 13/13 MP: 3/3
   565 | D:1      | Gained mutation: Your flesh is heat resistant. (rF+) [demonic ancestry]
   565 | D:1      | Reached XP level 2. HP: 5/19 MP: 0/5
  1169 | D:1      | Reached XP level 3. HP: 12/24 MP: 0/6
  1174 | D:1      | Learned a level 3 spell: Vampiric Draining
  1705 | D:1      | Reached skill level 5 in Necromancy
  2236 | D:2      | Reached XP level 4. HP: 28/30 MP: 3/8
  2956 | D:3      | Killed from afar by an orc wizard

Vault maps used:
D:1:      saegor_arrival_simple_c
D:3:      kennysheep_generic_room_9

Skill      XL: |  1  2  3  4 |
---------------+-------------+-----
Stealth        | 2 |  2.2
Dodging        | 2 |  2.0
Necromancy     | 5 |  5.5
Spellcasting   | 3 |  3.2

Action                   |  1- 3 |  4- 6 || total
-------------------------+-------+-------++-------
Melee: Unarmed           |     5 |       ||     5
       Club              |    11 |    23 ||    34
 Cast: Pain              |    83 |    31 ||   114
       Vampiric Draining |       |     2 ||     2
  Use: Scroll            |       |     6 ||     6
  Eat: Chunk             |     5 |     2 ||     7
Armor: Robe              |     4 |     8 ||    12
Dodge: Dodged            |    32 |    30 ||    62
